 Dungeon Crawl Stone Soup version 0.29-a0-334-gb41bcbb86e (webtiles) character file.

Game seed: 239630831004287440

1343 dolemite99 the Spear-Bearer (level 8, -4/64 HPs)
             Began as a Hill Orc Fighter on Apr 16, 2022.
             Was an Elder of Lugonu.
             Slain by an orc warrior
             ... wielding a +0 dire flail
              (14 damage)
             ... on level 5 of the Dungeon.
             The game lasted 00:08:32 (7136 turns).

dolemite99 the Spear-Bearer (Hill Orc Fighter)      Turns: 7136, Time: 00:08:33

Health: -4/64      AC: 10    Str: 21    XL:     8   Next: 62%
Magic:  8/8        EV:  9    Int:  8    God:    Lugonu [****..]
Gold:   65         SH:  4    Dex: 10    Spells: 7/7 levels left

rFire   . . .      SeeInvis +   a - +4 trident
rCold   . . .      Faith    .   c - +0 buckler
rNeg    . . .      Spirit   .   x - +0 scale mail
rPois   .          Reflect  .   p - +2 helmet
rElec   .          Harm     .   (no cloak)
rCorr   .          Rampage  .   (no gloves)
Will    .....                   (no boots)
Stlth   ..........              (no amulet)
HPRegen 0.20/turn               y - ring of see invisible
MPRegen 0.11/turn               (no ring)

@: no status effects
A: no striking features
a: Renounce Religion, Depart the Abyss, Bend Space, Banish, Corrupt


You were on level 5 of the Dungeon.
You worshipped Lugonu.
Lugonu was greatly pleased with you.
You visited 1 branch of the dungeon, and saw 5 of its levels.

You collected 275 gold pieces.
You spent 210 gold pieces at shops.

Inventory:

Hand Weapons
 a - a +4 trident (weapon)
 b - a +0 hunting sling
 g - a +4 flail of holy wrath
 n - a +0 war axe
Missiles
 f - 129 stones
 i - 8 poisoned darts (quivered)
 A - 2 atropa-tipped darts
Armour
 c - a +0 buckler (worn)
 p - a +2 helmet (worn)
 q - a +0 buckler
 x - a +0 scale mail (worn)
Magical Staves
 B - a staff of death
Jewellery
 o - a ring of flight
 y - a ring of see invisible (left hand)
 C - a +4 ring of evasion
Wands
 m - a wand of digging (10)
Scrolls
 h - 4 scrolls of magic mapping
 j - 2 scrolls of teleportation
 u - a scroll of fear
 w - a scroll of identify {@r1}
Potions
 d - a potion of brilliance {unknown}
 e - a potion of mutation {unknown}
 k - a potion of magic {unknown}
 l - a potion of haste {unknown}
 r - a potion of attraction
 s - a potion of cancellation {unknown}
 t - 3 potions of curing
 v - a potion of resistance {unknown}
 z - a potion of ambrosia {unknown}


   Skills:
 - Level 3.6 Fighting
 - Level 8.1(10.6) Axes
 + Level 9.1(10.1) Polearms
 - Level 3.2 Armour
 - Level 3.2 Shields


You had 7 spell levels left.
You didn't know any spells.
Your spell library contained the following spells:

 Spells                   Type           Power      Damage    Failure   Level
 Beastly Appendage        Tmut           0%         N/A       83%         1
 Sting                    Tmut/Pois      0%         1d3       83%         1
 Ensorcelled Hibernation  Hex/Ice        0%         N/A       93%         2
 Passwall                 Tmut/Erth      0%         N/A       93%         2
 Sublimation of Blood     Necr           0%         N/A       93%         2
 Wereblood                Tmut           0%         N/A       93%         2
 Spider Form              Tmut/Pois      0%         N/A       99%         3
 Stone Arrow              Conj/Erth      0%         3d7       99%         3
 Swiftness                Air            0%         N/A       99%         3
 Animate Armour           Summ/Erth      0%         N/A       100%        4
 Summon Hydra             Summ           0%         N/A       100%        7
 Lehudib's Crystal Spear  Conj/Erth      0%         10d2      100%        8


Dungeon Overview and Level Annotations

Branches:
Dungeon (5/15)             Temple (0/1) D:4

Altars:
Fedhas
Okawaru
Ru
Lugonu

Shops:
D:4 =


Message History

You kill the worm!
Lugonu accepts your kill.
No target in view!
There is an open door here.
You start waiting.
The orc shouts!
The orc wizard shouts!
You hear a shout!
An orc is nearby!
An orc is nearby!
You throw a poisoned dart.
The poisoned dart barely misses the orc.
You throw a poisoned dart.
The poisoned dart closely misses the orc warrior.
An orc wizard comes into view. It is wielding a +0 dagger.
The orc hits you with a +0 flail.
You hit the orc.
The orc is almost dead.
The orc completely misses you.
You puncture the orc!
You kill the orc!
Lugonu accepts your kill.
The orc wizard casts a spell.
The orc wizard flickers and vanishes for a moment.
You closely miss the orc warrior.
The orc warrior hits you with a +0 dire flail!
You hit the orc warrior but do no damage.
The orc warrior hits you with a +0 dire flail!
You are too injured to fight recklessly!
You hit the orc warrior.
The orc warrior is lightly wounded.
The orc warrior hits you with a +0 dire flail!
You closely miss the orc warrior.
The orc warrior is lightly wounded.
You hit the orc warrior but do no damage.
The orc warrior is lightly wounded.
The orc warrior hits you with a +0 dire flail!!
* * * LOW HITPOINT WARNING * * *
You puncture the orc warrior!
The orc warrior is moderately wounded.
The orc warrior hits you with a +0 dire flail!
You die...

..........##.....# .##
......###.##.....# ..
..........<#.....# .######
......###.##)....##.......
..................(....o.o
#..#.####.##.....)#.##....
.....## #.####.oo.#.# #
......##### ###o##.#
..........######@# ..
....#.....##.....# #.
....#...########## w#
........# .. ....#...#
#...##..# .<......#
#...#...# #...#...#


You could see an orc warrior and 2 orc wizards.

Vanquished Creatures
  Grinder (D:4)
  Edmund (D:5)
  An ice beast (D:5)
  2 ogres (D:5)
  A bullfrog (D:5)
  Blork the orc (D:4)
  A scorpion (D:4)
  6 orc priests
  A jelly (D:5)
  Ijyb (D:4)
  3 iguanas
  2 orc wizards (D:4)
  Robin (D:3)
  8 adders
  An ufetubus (D:4)
  4 worms
  2 dart slugs (D:4)
  17 orcs
  6 bats
  6 endoplasms
  3 giant cockroaches
  25 goblins
  10 hobgoblins
  6 jackals (D:1)
  6 kobolds
  3 quokkas
  6 ball pythons
  A frilled lizard (D:1)
  5 rats
131 creatures vanquished.

Vanquished Creatures (others)
  6 plants
6 creatures vanquished.

Grand Total: 137 creatures vanquished

Notes
Turn   | Place    | Note
-------+----------+-------------------------------------------
     0 | D:1      | dolemite99 the Hill Orc Fighter began the quest for the
                  | Orb.
     0 | D:1      | Reached XP level 1. HP: 19/19 MP: 1/1
   121 | D:1      | Reached XP level 2. HP: 17/26 MP: 2/2
   706 | D:1      | Found a faded altar of an unknown god.
   711 | D:1      | Got Plato's Grimoire of Intoxication
   718 | D:1      | Prayed at the altar of an unknown god.
   718 | D:1      | Became a worshipper of Lugonu the Unformed
   718 | D:1      | Reached * piety under Lugonu
   718 | D:1      | Reached ** piety under Lugonu
  1018 | D:2      | Reached XP level 3. HP: 22/31 MP: 3/3
  1169 | D:2      | Reached skill level 5 in Axes
  1545 | D:2      | Reached XP level 4. HP: 39/39 MP: 4/4
  1897 | D:3      | Noticed Robin
  1902 | D:2      | Reached *** piety under Lugonu
  2504 | D:3      | Killed Robin
  2841 | D:3      | Found an iron altar of Okawaru.
  2866 | D:3      | Reached XP level 5. HP: 30/45 MP: 5/5
  3384 | D:3      | Reached XP level 6. HP: 8/51 MP: 6/6
  4093 | D:3      | Reached skill level 1 in Polearms
  4216 | D:3      | Found a sacrificial altar of Ru.
  4261 | D:3      | Found a blossoming altar of Fedhas.
  4333 | D:4      | Noticed Ijyb
  4345 | D:4      | Killed Ijyb
  4368 | D:4      | Noticed Grinder
  4380 | D:4      | Paralysed by Grinder for 6 turns
  4402 | D:4      | Paralysed by Grinder for 6 turns
  4411 | D:4      | Paralysed by Grinder for 2 turns
  4420 | D:4      | Killed Grinder
  4421 | D:4      | Reached skill level 4 in Polearms
  4421 | D:4      | Reached XP level 7. HP: 57/57 MP: 7/7
  4680 | D:4      | Found Ajemasch's Jewellery Emporium.
  4696 | D:4      | Bought a ring of see invisible for 210 gold pieces
  4714 | D:4      | Reached skill level 5 in Polearms
  4725 | D:4      | Reached **** piety under Lugonu
  5182 | D:4      | Reached skill level 6 in Polearms
  5198 | D:4      | Found a staircase to the Ecumenical Temple.
  5428 | D:4      | Noticed Blork the orc
  5439 | D:4      | Killed Blork the orc
  5598 | D:5      | Entered Level 5 of the Dungeon
  5601 | D:5      | Noticed Edmund
  5620 | D:5      | Killed Edmund
  5621 | D:5      | Reached skill level 7 in Polearms
  5621 | D:5      | Reached XP level 8. HP: 46/64 MP: 8/8
  6059 | D:5      | Reached skill level 8 in Polearms
  6362 | D:5      | Reached skill level 9 in Polearms
  7136 | D:5      | Slain by an orc warrior

Illustrated notes

Levels and vault maps discovered:
D:1:      kilobyte_arrival_exit_the_forest, layout_basic,
          shapermc_ecumenical_altar_rom_forum
D:2:      cheibrodos_old_hovel, layout_basic, minivault_11, minmay_hexomino_u4
D:3:      layout_basic, fedhas_altar_4, mainiacjoe_overflow_cross_hatched,
          okawaru_metal_pillars_1_2, minmay_randomly_rotated_circles, uniq_robin
D:4:      layout_basic, minmay_temple_entry_glass, serial_shops,
          nicolae_shop_statue_plus, uniq_blork_the_orc, uniq_ijyb, uniq_grinder
D:5:      layout_basic, corexii_corridor_pit, uniq_crazy_yiuf_cottage,
          uniq_edmund

Skill      XL: |  1  2  3  4  5  6  7  8 |
---------------+-------------------------+-----
Axes           | 3 4 5 6 8 |  8.1
Polearms       | 4 7 9 |  9.1
Fighting       | |  3.6
Armour         | |  3.2
Shields        | |  3.2

Action                   |  1- 3 |  4- 6 |  7- 9 || total
-------------------------+-------+-------+-------++-------
Melee: War axe           |    80 |   104 |     3 ||   187
       Trident           |       |    73 |   131 ||   204
 Fire: Hunting sling     |       |       |     6 ||     6
Throw: Stone             |    30 |    23 |     3 ||    56
       Dart              |       |       |    16 ||    16
  Use: Scroll            |     3 |     6 |     2 ||    11
       Potion            |     2 |     3 |     2 ||     7
Armor: Scale mail        |    43 |    66 |    29 ||   138
       Skin              |       |    39 |    45 ||    84
Dodge: Dodged            |    51 |    89 |    33 ||   173
Block: Buckler           |    27 |    42 |    27 ||    96

Table legend: (Time is in decaauts)
 A = Elapsed time spent in this place.
 B = Non-inter-level travel time spent in this place.
 C = Inter-level travel time spent in this place.
 D = Time resting spent in this place.
 E = Time spent auto-exploring this place.
 F = Levels seen in this place.
 G = Mean time per level.
                   A        B        C        D        E       F      G
               +--------+--------+--------+--------+--------+-----+--------+
         Total |   7210 |   7021 |    189 |   3108 |   2405 |   5 | 1442.0 |
       Dungeon |   7210 |   7021 |    189 |   3108 |   2405 |   5 | 1442.0 |
               +--------+--------+--------+--------+--------+-----+--------+

Top non-repeatable levels by time:
     D:2: 1901 daAuts
     D:4: 1521 daAuts
     D:3: 1468 daAuts
     D:5: 1281 daAuts
     D:1: 1038 daAuts
